[Event "Monday 16 April Rapid Engine Tour 12+1 Rounds 9 Starts 1600ST"]
[Site "Infinity Chess"]
[Date "2018.4.16"]
[Round "3"]
[White "MarioDeMonti"]
[Black "Katzenmaier"]
[Result "0-1"]
[ECO "C50"]
[WhiteElo "2477"]
[BlackElo "2492"]
[WhiteEngine "stockfish_x64_bmi2_2018_02_18_CTG"]
[BlackEngine "Raubfisch X36b"]
[EventType "Swiss"]
[WhiteTeam ""]
[BlackTeam ""]
[PlyCount "188"]
[TimeControl "720+1"]

1. e4 e5 2. Nf3 Nc6 3. Bc4 Bc5 4. O-O Nf6 5. d3 d6 6. c3 O-O 7. h3 a6 8. Re1 Ba7 
9. a4 h6 10. Nbd2 Nh5 11. Nf1 Qf6 12. Ne3 Nf4 13. Ng4 Qg6 14. Bxf4 exf4 
15. d4 Bxg4 16. hxg4 Qxg4 17. a5 Rae8 18. b4 Ne7 19. b5 axb5 20. Bxb5 Rb8 
21. e5 d5 22. e6 f6 23. Rb1 Rfd8 24. Bd7 h5 25. Re2 b6 26. a6 c6 27. Ne1 b5 
28. f3 Qg5 29. Nd3 Rb6 30. Nb4 Qf5 31. Qc2 Qxc2 32. Rxc2 g5 33. Kh2 Kf8 
34. Ra2 Rdb8 35. Kh3 Ra8 36. Rba1 Kg7 37. Kh2 g4 38. Kg1 g3 39. Kf1 h4 
40. Ke2 Kg6 41. Ra5 Kg5 42. R5a2 Kg6 43. Kd3 Bb8 44. a7 Bd6 45. Nc2 b4 
46. Nxb4 Bxb4 47. cxb4 Rxb4 48. Rh1 Kg5 49. Kc2 Rb7 50. Rha1 Kh5 51. Be8+ Kh6 
52. Bd7 Kg5 53. Kd2 h3 54. gxh3 Rb3 55. h4+ Kf5 56. Be8 Rxf3 57. Bh5 Re3 
58. Be2 Ke4 59. Re1 Kxd4 60. Ra4+ Ke5 61. h5 Nf5 62. e7 Nxe7 63. h6 Nf5 
64. h7 g2 65. Rb4 f3 66. Bxf3 Rxe1 67. Bxg2 Rg1 68. Bf3 Nd6 69. Ke3 Nb5 
70. Rh4 Ra1 71. h8=R R1xa7 72. Rxa8 Rxa8 73. Be2 Ra3+ 74. Kd2 Ra2+ 75. Ke1 Nd6 
76. Kd1 f5 77. Bd3 c5 78. Rh7 c4 79. Bb1 Rg2 80. Ke1 Rg1+ 81. Kd2 Rxb1 
82. Re7+ Kd4 83. Kc2 Rh1 84. Re2 Ne4 85. Rg2 f4 86. Kb2 f3 87. Rg7 f2 
88. Rf7 f1=Q 89. Rxf1 Rxf1 90. Ka3 Rb1 91. Ka4 c3 92. Ka3 Nd2 93. Ka4 Kc5 
94. Ka3 Ra1# 0-1

[Event "Monday 16 April Rapid Engine Tour 12+1 Rounds 9 Starts 1600ST"]
[Site "Infinity Chess"]
[Date "2018.4.16"]
[Round "3"]
[White "SkyPilot"]
[Black "Murx"]
[Result "1/2-1/2 "]
[ECO "C50"]
[WhiteElo "2499"]
[BlackElo "2518"]
[WhiteEngine "stockfish_x64_bmi2_2018_04_07_CTG"]
[BlackEngine "asmFishW_2018-04-07_popcnt"]
[EventType "Swiss"]
[WhiteTeam ""]
[BlackTeam ""]
[PlyCount "192"]
[TimeControl "720+1"]

1. e4 e5 2. Nf3 Nc6 3. Bc4 Bc5 4. O-O Nf6 5. d3 d6 6. c3 O-O 7. h3 a6 8. Re1 Ba7 
9. a4 h6 10. Nbd2 Nh5 11. Nf1 Qf6 12. Ne3 Nf4 13. Ng4 Qg6 14. Bxf4 exf4 
15. d4 Bxg4 16. hxg4 Qxg4 17. a5 Rae8 18. b4 Ne7 19. b5 axb5 20. Bxb5 c6 
21. Bd3 Qe6 22. Rb1 Rb8 23. c4 b5 24. cxb5 cxb5 25. Qd2 Rfc8 26. Rb2 Kf8 
27. Bb1 Ng6 28. Ba2 Qd7 29. Rc1 Kg8 30. Rbc2 Rxc2 31. Qxc2 Ne7 32. Qb3 Rf8 
33. e5 d5 34. Bb1 Rc8 35. Rxc8+ Qxc8 36. Qb4 Qc7 37. Qxb5 Qc1+ 38. Kh2 Qc8 
39. a6 Kf8 40. Bd3 g5 41. Qb4 Qc6 42. Qd6 Qxd6 43. exd6 Nc6 44. Kh3 f6 
45. Bb5 Nd8 46. Kg4 Nf7 47. d7 Ke7 48. Ba4 Nd6 49. Ne1 Bxd4 50. Nd3 Ne4 
51. Kh5 Ba7 52. Bb5 Nd6 53. Bc6 Nf7 54. f3 d4 55. Bb5 Ne5 56. Nxe5 fxe5 
57. Kxh6 d3 58. Bxd3 Kxd7 59. Kxg5 Kd6 60. Kf5 Kd5 61. Bb1 Bd4 62. Ba2+ Kc6 
63. Bc4 Kb6 64. Ke4 Kc6 65. Be2 Ba1 66. Bc4 Kb6 67. Kd5 Bd4 68. Bd3 Bb2 
69. Ke6 Bc3 70. Bb5 Ba1 71. Bc4 Bd4 72. Bf1 Bb2 73. Bd3 Bd4 74. Bf1 Ka7 
75. Kd6 Bc3 76. Kc6 Bd4 77. Kb5 Bc3 78. Kc5 Ba1 79. Bd3 Ka8 80. Bc4 Bd4+ 
81. Kd6 Ba1 82. Bd3 Bd4 83. Bc4 Kb8 84. Kc6 Bc3 85. Kb6 Bd4+ 86. Kc6 Bc3 
87. Kd6 Bd4 88. Bb5 Ba1 89. Ke6 Bc3 90. Be2 Bd4 91. Kd7 Ka7 92. Ke6 Bc3 
93. Bd3 Bd4 94. Be2 Kb6 95. Bc4 Bb2 96. Kf6 Bd4 1/2-1/2

[Event "Monday 16 April Rapid Engine Tour 12+1 Rounds 9 Starts 1600ST"]
[Site "Infinity Chess"]
[Date "2018.4.16"]
[Round "3"]
[White "KRAKEN"]
[Black "THE_MACHINE"]
[Result "1/2-1/2"]
[ECO "E10"]
[WhiteElo "2518"]
[BlackElo "2547"]
[WhiteEngine "Raubfisch X38b_CTG"]
[BlackEngine "BrainFish_180411_x64_bmi2"]
[EventType "Swiss"]
[WhiteTeam ""]
[BlackTeam ""]
[PlyCount "140"]
[TimeControl "720+1"]

1. d4 Nf6 2. c4 e6 3. Nf3 d5 4. Nc3 dxc4 5. e4 Bb4 6. Bg5 c5 7. Bxc4 cxd4 
8. Nxd4 Bxc3+ 9. bxc3 Qa5 10. Bb5+ Bd7 11. Bxf6 gxf6 12. Bxd7+ Nxd7 13. O-O a6 
14. Rb1 Qc7 15. Qh5 Nc5 16. Qh3 h5 17. Qe3 Rc8 18. Rb4 Nd7 19. Ne2 h4 20. h3 Ne5 
21. Rd1 Nc6 22. Rb2 Na5 23. Rb4 Nc6 24. Ra4 Rg8 25. Kh1 Rg6 26. Nd4 Ne5 
27. Rb4 b5 28. a4 Qxc3 29. Qxc3 Rxc3 30. axb5 axb5 31. Nxb5 Nd3 32. Nxc3 Nxb4 
33. Kg1 Rg5 34. f3 Kf8 35. Kf2 Rc5 36. Ne2 Rc2 37. Rb1 Nd3+ 38. Ke3 Ne5 
39. Rc1 Rb2 40. f4 Rb3+ 41. Rc3 Nc4+ 42. Kd3 Nb2+ 43. Kc2 Rb4 44. Rc8+ Ke7 
45. Rc7+ Kf8 46. Nc1 Na4 47. Kd3 e5 48. fxe5 fxe5 49. Ke3 Nb2 50. Kf3 Kg7 
51. Rd7 Ra4 52. Nd3 Nxd3 53. Rxd3 Kf6 54. Rd7 Ra3+ 55. Ke2 Rg3 56. Kf2 Ra3 
57. Rc7 Ra1 58. Rc8 Ra4 59. Kf3 Ra1 60. Kg4 Rf1 61. Rc6+ Ke7 62. Kxh4 Rf4+ 
63. Kg3 Rxe4 64. h4 Kf8 65. h5 Rf4 66. Rc5 Re4 67. Kf3 Rf4+ 68. Ke2 Rg4 
69. g3 Rxg3 70. Rxe5 Kg7 1/2-1/2

[Event "Monday 16 April Rapid Engine Tour 12+1 Rounds 9 Starts 1600ST"]
[Site "Infinity Chess"]
[Date "2018.4.16"]
[Round "3"]
[White "xeonrocks"]
[Black "angriff"]
[Result "1-0"]
[ECO "C55"]
[WhiteElo "2553"]
[BlackElo "2385"]
[WhiteEngine "Stockfish_x64_bmi2_CTG"]
[BlackEngine "DracoREX 3.07 64BIT POPCNT_CTG"]
[EventType "Swiss"]
[WhiteTeam ""]
[BlackTeam ""]
[PlyCount "291"]
[TimeControl "720+1"]

1. e4 e5 2. Nf3 Nc6 3. Bc4 Nf6 4. d3 Bc5 5. O-O d6 6. c3 O-O 7. Re1 a5 
8. Nbd2 h6 9. h3 Be6 10. Bb5 Qb8 11. Re2 Qa7 12. Nf1 a4 13. Ng3 Qa5 
14. Bxc6 bxc6 15. Nh4 Rfe8 16. Re1 d5 17. exd5 cxd5 18. Rxe5 Bf8 19. Qc2 c5 
20. Bd2 Nd7 21. Re3 c4 22. d4 Qd8 23. Nf3 Bd6 24. a3 Bxg3 25. fxg3 Nf6 
26. g4 Ne4 27. Rf1 f6 28. Bc1 Bf7 29. Nh4 Qd7 30. Qd1 Rac8 31. Kh2 Re6 
32. Re2 Qb5 33. Re3 Rce8 34. Nf5 Bg6 35. Kg1 Qd7 36. Nh4 Bh7 37. Nf5 Rb8 
38. Re2 Rb3 39. Qe1 Rbb6 40. Qh4 Bg6 41. Qe1 Re8 42. Re3 Ree6 43. Qh4 Qc7 
44. Re2 Qd7 45. Qe1 Bh7 46. Re3 Qe8 47. Qd1 Qd7 48. Qc2 Re8 49. Qd1 Kh8 
50. Qe2 Rc6 51. Qd1 Rb6 52. Re2 Rb3 53. Ree1 Kg8 54. Re2 Bg6 55. h4 Bh7 
56. Re3 Rb7 57. Qf3 Rb6 58. Kh2 Kf8 59. Re2 Kf7 60. g3 Qb7 61. Kg2 Qd7 
62. Kh2 Kg8 63. Rg2 Bg6 64. Re2 Rbe6 65. Re3 Bf7 66. Kh3 Rb6 67. Re2 Be6 
68. Kh2 Rd8 69. Ne3 Rb5 70. Nf5 Qc7 71. Be3 Qd7 72. Qf4 Re8 73. Kg1 Rf8 
74. Kg2 Rfb8 75. Bc1 Rb3 76. Kh3 R8b7 77. Kg2 R3b6 78. Rc2 Rb8 79. Re2 Kf8 
80. Ne3 Qf7 81. Kg1 Kg8 82. Qf3 Rb3 83. Nf5 R3b7 84. Kg2 Qd7 85. Kg1 Re8 
86. Ne3 Rb3 87. Rfe1 Rb7 88. Kg2 Rb3 89. Kg1 Rc8 90. Kg2 Rcb8 91. Rf1 Qf7 
92. Nf5 Re8 93. Rc2 Qb7 94. Kh3 Qa7 95. Re2 Kh8 96. Qf4 g5 97. Qf3 Bxf5 
98. Qxf5 Qf7 99. Kg2 Kg7 100. hxg5 hxg5 101. Rh1 Rh8 102. Rxh8 Kxh8 103. Re1 Kg8 
104. Qc8+ Qf8 105. Qd7 Qd6 106. Qxd6 Nxd6 107. Re7 Nb5 108. Kf2 Nxa3 
109. bxa3 Rxc3 110. Be3 Rxa3 111. Rd7 Rb3 112. Ra7 Ra3 113. Rd7 Ra2+ 114. Kf3 a3 
115. Rxd5 Rb2 116. Ra5 Rb3 117. Ke4 c3 118. Kf5 c2 119. Bc1 Kg7 120. Ra7+ Kh6 
121. Kxf6 Rf3+ 122. Ke5 Rf1 123. Bxa3 Re1+ 124. Kf6 Rf1+ 125. Ke6 Kg6 
126. Rc7 Re1+ 127. Kd5 Ra1 128. Bb2 Ra8 129. Rxc2 Kf6 130. Kd6 Ra6+ 131. Rc6 Ra2 
132. Bc3 Kf7 133. d5 Ra4 134. Rc7+ Kg6 135. Ke5 Ra8 136. Rc6+ Kf7 137. d6 Re8+ 
138. Kf5 Re3 139. Rc7+ Ke8 140. Be5 Rf3+ 141. Ke6 Kd8 142. Ra7 Rf6+ 
143. Kxf6 Kc8 144. Rc7+ Kd8 145. Ke6 Ke8 146. Rc8# 1-0

[Event "Monday 16 April Rapid Engine Tour 12+1 Rounds 9 Starts 1600ST"]
[Site "Infinity Chess"]
[Date "2018.4.16"]
[Round "3"]
[White "Longin"]
[Black "ocirema"]
[Result "1/2-1/2"]
[ECO "C50"]
[WhiteElo "2453"]
[BlackElo "2461"]
[WhiteEngine "Raubfisch ME262_GTZ17b_CTG"]
[BlackEngine "asmFishW_2018-04-11_popcnt_CTG"]
[EventType "Swiss"]
[WhiteTeam ""]
[BlackTeam ""]
[PlyCount "99"]
[TimeControl "720+1"]

1. e4 e5 2. Nf3 Nc6 3. Bc4 Bc5 4. O-O Nf6 5. d3 d6 6. c3 O-O 7. Re1 a5 8. Bb3 h6 
9. h3 Re8 10. Nbd2 b5 11. a4 b4 12. Nf1 Bb6 13. Bc4 Ba6 14. Bxa6 Rxa6 
15. Qc2 Ra8 16. Ng3 Qd7 17. Nf5 Kh8 18. Be3 g6 19. Ng3 bxc3 20. bxc3 Bxe3 
21. fxe3 Kg7 22. Re2 Nb8 23. Rf2 Qc8 24. Raf1 Nbd7 25. c4 Rb8 26. d4 Rb6 
27. c5 dxc5 28. dxe5 Nxe5 29. Nxe5 Rxe5 30. Qc3 Qe8 31. Qxa5 Rg5 32. Qd2 c4 
33. Qd4 Rd6 34. Qa1 Qe7 35. Nf5+ gxf5 36. e5 Rc6 37. exf6+ Qxf6 38. Qxf6+ Kxf6 
39. h4 Rg4 40. Rxf5+ Kg7 41. Rxf7+ Kg6 42. a5 c3 43. R7f3 Rxh4 44. a6 c2 
45. Rg3+ Kh7 46. Rf7+ Kh8 47. Rf8+ Kh7 48. Rf7+ Kh8 49. Rf8+ Kh7 50. Rf7+ 
1/2-1/2

[Event "Monday 16 April Rapid Engine Tour 12+1 Rounds 9 Starts 1600ST"]
[Site "Infinity Chess"]
[Date "2018.4.16"]
[Round "2"]
[White "Seliga"]
[Black "IronMan"]
[Result "1/2-1/2"]
[ECO "D30"]
[WhiteElo "2457"]
[BlackElo "2468"]
[WhiteEngine "SF9 ''A5''_CTG"]
[BlackEngine "Eman 1.70-beta21 64-bit BMI2"]
[EventType "Swiss"]
[WhiteTeam ""]
[BlackTeam ""]
[PlyCount "73"]
[TimeControl "720+1"]

1. d4 d5 2. c4 e6 3. Nf3 Nf6 4. Nc3 c6 5. Bg5 dxc4 6. a4 Bb4 7. e4 c5 8. Bxc4 h6 
9. Bxf6 Qxf6 10. O-O cxd4 11. e5 Qd8 12. Qxd4 Qxd4 13. Nxd4 Bd7 14. Ndb5 Bxc3 
15. Nxc3 Ke7 16. f4 Rc8 17. b3 Bc6 18. g3 a6 19. a5 Nd7 20. Ne2 g5 21. Nd4 gxf4 
22. gxf4 Rg8+ 23. Kf2 Rg2+ 24. Ke3 Rxh2 25. Nxc6+ bxc6 26. Rh1 Rc2 27. Rag1 Rd8 
28. Rc1 Ra2 29. Ra1 Rg2 30. Bxa6 Nc5 31. Bc4 Rg3+ 32. Ke2 Ne4 33. Rad1 Nc3+ 
34. Kf2 Ne4+ 35. Ke2 Nc3+ 36. Kf2 Ne4+ 37. Ke2 1/2-1/2

[Event "Monday 16 April Rapid Engine Tour 12+1 Rounds 9 Starts 1600ST"]
[Site "Infinity Chess"]
[Date "2018.4.16"]
[Round "2"]
[White "angriff"]
[Black "ivrdurant"]
[Result "1-0"]
[ECO "C55"]
[WhiteElo "2369"]
[BlackElo "2373"]
[WhiteEngine "DracoREX 3.07 64BIT POPCNT_CTG"]
[BlackEngine "Raubfisch X38b"]
[EventType "Swiss"]
[WhiteTeam ""]
[BlackTeam ""]
[PlyCount "21"]
[TimeControl "720+1"]

1. e4 e5 2. Nf3 Nc6 3. Bc4 Nf6 4. d3 Bc5 5. c3 d6 6. O-O a5 7. Bg5 Ba7 
8. Nbd2 h6 9. Bh4 g5 10. Bg3 O-O 11. a3 1-0

[Event "Monday 16 April Rapid Engine Tour 12+1 Rounds 9 Starts 1600ST"]
[Site "Infinity Chess"]
[Date "2018.4.16"]
[Round "2"]
[White "Deep_Impact"]
[Black "KQRBNP"]
[Result "1/2-1/2"]
[ECO "A50"]
[WhiteElo "2385"]
[BlackElo "2408"]
[WhiteEngine "asmFishW_2018-04-07_bmi2"]
[BlackEngine "Eman 1.70-beta21 64-bit POPCNT"]
[EventType "Swiss"]
[WhiteTeam ""]
[BlackTeam ""]
[PlyCount "145"]
[TimeControl "720+1"]

1. d4 Nf6 2. c4 c6 3. Nf3 d5 4. Nc3 dxc4 5. a4 Bf5 6. e3 e6 7. Bxc4 Bb4 
8. O-O Nbd7 9. Nh4 O-O 10. Qe2 Ba5 11. f3 Nb6 12. Bb3 Re8 13. Bd2 h6 
14. Nxf5 exf5 15. Qd3 Qd7 16. Rfe1 Rad8 17. Re2 c5 18. Nd5 Nbxd5 19. Bxa5 b6 
20. Bd2 cxd4 21. Qxd4 Nxe3 22. Qxd7 Rxd7 23. Bxe3 f4 24. Rae1 Rxe3 25. Rxe3 fxe3 
26. Rxe3 Rc7 27. Rd3 Nd7 28. Rd4 g5 29. Kf2 Nc5 30. Ba2 Kg7 31. Ke3 a5 
32. h4 Re7+ 33. Kd2 Kf8 34. Rd8+ Kg7 35. hxg5 hxg5 36. Rd4 f6 37. g4 Rc7 
38. Ke3 Re7+ 39. Kf2 Rb7 40. Kg3 Rd7 41. Rxd7+ Nxd7 42. Bd5 Nc5 43. b3 Kf8 
44. Kf2 Ke7 45. Ke3 Kd6 46. Kd4 Ne6+ 47. Bxe6 Kxe6 48. Ke4 Kd6 49. Kf5 Ke7 
50. Ke4 Ke6 51. Kd4 f5 52. gxf5+ Kxf5 53. Ke3 Ke5 54. Kd3 Kf4 55. Ke2 Kg3 
56. Ke3 Kh3 57. Kd3 Kg2 58. Ke4 Kf2 59. f4 g4 60. f5 g3 61. f6 g2 62. f7 g1=Q 
63. f8=Q+ Ke1 64. Kd5 Qg2+ 65. Kc4 Qc2+ 66. Kb5 Qxb3+ 67. Ka6 Qc4+ 68. Kb7 Kd2 
69. Qd8+ Kc3 70. Qxb6 Qxa4 71. Qe3+ Kb2 72. Qe5+ Ka2 73. Ka6 1/2-1/2

[Event "Monday 16 April Rapid Engine Tour 12+1 Rounds 9 Starts 1600ST"]
[Site "Infinity Chess"]
[Date "2018.4.16"]
[Round "2"]
[White "star99"]
[Black "Longin"]
[Result "0-1"]
[ECO "C24"]
[WhiteElo "2411"]
[BlackElo "2438"]
[WhiteEngine "Cryptic Heroes 9.4B"]
[BlackEngine "Raubfisch ME262_GTZ17b_CTG"]
[EventType "Swiss"]
[WhiteTeam ""]
[BlackTeam ""]
[PlyCount "174"]
[TimeControl "720+1"]

1. e4 e5 2. Bc4 Nf6 3. d3 Nc6 4. Nf3 Bc5 5. O-O d6 6. c3 O-O 7. h3 a5 8. Re1 Ba7 
9. a4 h6 10. Na3 Ne7 11. d4 exd4 12. cxd4 c6 13. Bd3 d5 14. e5 Ne4 15. Bxe4 dxe4 
16. Rxe4 Qd5 17. Re1 Rd8 18. Be3 Be6 19. Qe2 Qb3 20. Nc2 Rd7 21. Reb1 Bd5 
22. Nce1 Nf5 23. Ra3 Qb4 24. Qd3 Be6 25. Nc2 Qf8 26. Qe4 Rad8 27. Rc1 Qe7 
28. Rd3 Nxe3 29. Qxe3 Bd5 30. Re1 b5 31. b3 Qe6 32. Nh4 b4 33. Qg3 Kh7 34. f4 f5 
35. Kh2 Bb6 36. Re2 Rf8 37. Nf3 Be4 38. Rd1 Rfd8 39. Rc1 c5 40. Ne3 cxd4 
41. Nc4 d3 42. Rd2 Rc7 43. Rdd1 Rdd7 44. h4 Bd4 45. Nxd4 Rxd4 46. Rd2 Qe7 
47. Qf2 Qd8 48. h5 Rc6 49. Kg1 Rd7 50. Re1 Rdc7 51. Qg3 Qd5 52. Red1 Qf7 
53. Nxa5 Rc3 54. Qg6+ Qxg6 55. hxg6+ Kxg6 56. Rb1 Kh5 57. Nc4 Rc2 58. Rbd1 Kg4 
59. Rf2 R7xc4 60. bxc4 b3 61. Rb1 d2 62. Rxd2 Rxd2 63. Rxb3 Rxg2+ 64. Kf1 Kxf4 
65. e6 Rg6 66. e7 Re6 67. Ra3 Rxe7 68. c5 g5 69. a5 g4 70. c6 Rc7 71. a6 Rxc6 
72. a7 Rc1+ 73. Ke2 g3 74. a8=Q Bxa8 75. Rxa8 g2 76. Ra4+ Ke5 77. Ra5+ Kd4 
78. Ra4+ Kc5 79. Ra5+ Kb4 80. Rxf5 g1=Q 81. Rf4+ Kc5 82. Rf5+ Kd4 83. Rf4+ Ke5 
84. Rf1 Qg2+ 85. Kd3 Qe4+ 86. Kd2 Rc2+ 87. Kd1 Qe2# 0-1

[Event "Monday 16 April Rapid Engine Tour 12+1 Rounds 9 Starts 1600ST"]
[Site "Infinity Chess"]
[Date "2018.4.16"]
[Round "2"]
[White "ocirema"]
[Black "Thinker"]
[Result "1-0"]
[ECO "C50"]
[WhiteElo "2445"]
[BlackElo "2448"]
[WhiteEngine "asmFishW_2018-04-11_popcnt_CTG"]
[BlackEngine "BrainFish_180411_x64_modern_CTG"]
[EventType "Swiss"]
[WhiteTeam ""]
[BlackTeam ""]
[PlyCount "179"]
[TimeControl "720+1"]

1. e4 e5 2. Nf3 Nc6 3. Bc4 Bc5 4. O-O Nf6 5. d3 O-O 6. Re1 d6 7. c3 a5 
8. Nbd2 h6 9. h3 Bb6 10. Bb3 Be6 11. Ba4 Ne7 12. Bc2 Ng6 13. d4 Qd7 14. Nf1 a4 
15. Be3 c5 16. d5 Bxh3 17. gxh3 Qxh3 18. N1h2 a3 19. b3 Ba5 20. Qd3 Rae8 
21. Rac1 Nh5 22. Bd2 Ngf4 23. Qf1 Qd7 24. Kh1 b5 25. b4 Bb6 26. Nh4 Qd8 
27. Ng2 Nh3 28. bxc5 Bxc5 29. Be3 Qc7 30. Rb1 Rb8 31. Rb3 Bxe3 32. Rxe3 N3f4 
33. Nxf4 Nxf4 34. Nf3 f5 35. Nh4 fxe4 36. Bxe4 Rf6 37. Rxb5 Rbf8 38. Nf3 Qf7 
39. c4 Qh5+ 40. Nh2 Qh4 41. Kg1 h5 42. c5 dxc5 43. Rb7 g6 44. Kh1 R8f7 
45. Rxf7 Kxf7 46. Rf3 Rb6 47. Rxa3 Kg7 48. Qe1 Nh3 49. Bc2 Nxf2+ 50. Kg2 Qg5+ 
51. Rg3 Ng4 52. Qe2 Rb2 53. Nxg4 hxg4 54. Rb3 Rxb3 55. Bxb3 Qf4 56. a4 g3 
57. a5 c4 58. Bxc4 e4 59. a6 Qh4 60. Kg1 Qf6 61. Qd2 Qb6+ 62. Kg2 e3 
63. Qc3+ Kh7 64. Kxg3 Qd6+ 65. Kf3 Qc5 66. Qd3 Qf8+ 67. Kxe3 Qh6+ 68. Ke2 Qh5+ 
69. Kd2 Qh2+ 70. Qe2 Qf4+ 71. Kc2 Qc7 72. d6 Qxd6 73. a7 Qf8 74. Qf1 Qa8 
75. Qh3+ Kg7 76. Qd7+ Kh6 77. Bd5 Qf8 78. Qh3+ Kg5 79. Qe3+ Kg4 80. Qf3+ Qxf3 
81. Bxf3+ Kxf3 82. a8=Q+ Kf4 83. Qd5 Ke3 84. Qe5+ Kf3 85. Kd3 Kg4 86. Ke4 g5 
87. Qc3 Kh5 88. Kf5 Kh4 89. Qf3 g4 90. Qxg4# 1-0

[Event "Monday 16 April Rapid Engine Tour 12+1 Rounds 9 Starts 1600ST"]
[Site "Infinity Chess"]
[Date "2018.4.16"]
[Round "2"]
[White "hafaba"]
[Black "Eman"]
[Result "1/2-1/2 "]
[ECO "E20"]
[WhiteElo "2461"]
[BlackElo "2466"]
[WhiteEngine "Eman 1.70-beta21 64-bit POPCNT_CTG"]
[BlackEngine "Eman 1.70-beta21 64-bit POPCNT"]
[EventType "Swiss"]
[WhiteTeam ""]
[BlackTeam ""]
[PlyCount "83"]
[TimeControl "720+1"]

1. d4 Nf6 2. c4 e6 3. Nc3 Bb4 4. f3 O-O 5. a3 Bxc3+ 6. bxc3 b6 7. e4 d6 
8. Bd3 Nc6 9. Rb1 Ba6 10. Nh3 e5 11. Be3 Na5 12. Qe2 c5 13. O-O cxd4 
14. cxd4 Nd7 15. d5 Rc8 16. Rb4 Nc5 17. Bc2 Ncb7 18. Bd3 Nc5 19. Bc2 Nd7 
20. Bd3 Rc7 21. Nf2 Nc5 22. Bc2 Bc8 23. Rbb1 Ncb7 24. Bd3 Nc5 25. Bc2 Ncb7 
26. Bd3 Qe7 27. Rfc1 Nc5 28. Bxc5 Rxc5 29. Nd1 Bd7 30. Ne3 Nb7 31. g3 g6 
32. Ra1 Ra5 33. Bc2 Nc5 34. Kg2 Ba4 35. h4 Bxc2 36. Qxc2 h5 37. Ra2 f6 
38. Rg1 Ra4 39. Kh2 Kh8 40. Qe2 Kg7 41. Qe1 Kh8 42. g4 1/2-1/2

[Event "Monday 16 April Rapid Engine Tour 12+1 Rounds 9 Starts 1600ST"]
[Site "Infinity Chess"]
[Date "2018.4.16"]
[Round "2"]
[White "KhalidOmar"]
[Black "HerzsjeMZ"]
[Result "1/2-1/2"]
[ECO "D02"]
[WhiteElo "2467"]
[BlackElo "2459"]
[WhiteEngine "Eman 1.70-beta21 64-bit BMI2"]
[BlackEngine "S_XPrO.020418.64.POPCNT"]
[EventType "Swiss"]
[WhiteTeam ""]
[BlackTeam ""]
[PlyCount "123"]
[TimeControl "720+1"]

1. d4 d5 2. Nf3 Nf6 3. c4 e6 4. g3 Bb4+ 5. Bd2 Be7 6. Qc2 O-O 7. Bg2 a5 
8. O-O h6 9. Ne5 c6 10. e3 Nbd7 11. f4 c5 12. a4 cxd4 13. exd4 Nb8 14. Na3 Nc6 
15. Nb5 dxc4 16. Qxc4 Nd5 17. Rad1 Nxe5 18. dxe5 Bd7 19. f5 Nb6 20. Qf4 exf5 
21. b3 Nd5 22. Bxd5 Bxb5 23. Bxa5 Qxa5 24. axb5 Qxb5 25. Qxf5 Kh8 26. Rd2 Bg5 
27. Rd3 Ra2 28. Kh1 Be7 29. Qe4 Qd7 30. Qh7+ Kxh7 31. Be4+ Qf5 32. Bxf5+ g6 
33. Bg4 h5 34. Bf3 Kh6 35. Bxb7 Re8 36. Rxf7 Bb4 37. Rd5 Bc3 38. Rdd7 Rxe5 
39. Bg2 Re1+ 40. Bf1 Kg5 41. Kg1 Be5 42. Rd5 Rb2 43. Rf2 Rxb3 44. Kh1 Kh6 
45. Kg2 Rbe3 46. Rf7 Rb1 47. Rd2 Ree1 48. Rdd7 Rb2+ 49. Rf2 Rxf2+ 50. Kxf2 Ra1 
51. Bc4 Rb1 52. Kf3 Rb4 53. Be2 h4 54. Re7 Rb3+ 55. Kg2 Bf6 56. Re6 hxg3 
57. Rxf6 gxh2 58. Rf1 h1=Q+ 59. Rxh1+ Kg5 60. Rc1 Rb2 61. Kf3 Kh6 62. Bd3 
1/2-1/2

[Event "Monday 16 April Rapid Engine Tour 12+1 Rounds 9 Starts 1600ST"]
[Site "Infinity Chess"]
[Date "2018.4.16"]
[Round "2"]
[White "RonWeasley"]
[Black "Marsell"]
[Result "1/2-1/2"]
[ECO "D11"]
[WhiteElo "2465"]
[BlackElo "2469"]
[WhiteEngine "BrainFish 090218_CTG"]
[BlackEngine "BrainFish_180408_x64_bmi2"]
[EventType "Swiss"]
[WhiteTeam ""]
[BlackTeam ""]
[PlyCount "112"]
[TimeControl "720+1"]

1. d4 d5 2. c4 c6 3. Nf3 Nf6 4. e3 e6 5. b3 c5 6. Bb2 cxd4 7. Nxd4 e5 8. Nf3 Nc6 
9. a3 Bd6 10. Nbd2 Be6 11. cxd5 Bxd5 12. Bc4 Qe7 13. Bxd5 Nxd5 14. O-O Rd8 
15. Qc2 O-O 16. Ne4 Nf6 17. Nxf6+ Qxf6 18. b4 a6 19. Qc4 Qg6 20. e4 Rfe8 
21. Rfd1 Qe6 22. Qxe6 Rxe6 23. Rac1 f6 24. Kf1 Kf7 25. Ke2 Re7 26. Rc2 Bc7 
27. Rxd8 Nxd8 28. Bc1 Ne6 29. Be3 Nf4+ 30. Kf1 Rd7 31. Ne1 g6 32. f3 Bd6 
33. h4 Ne6 34. Ke2 Rc7 35. Rxc7+ Bxc7 36. Nd3 b5 37. g3 a5 38. g4 axb4 
39. axb4 Bd6 40. Kd2 h5 41. Ke2 Nd4+ 42. Bxd4 exd4 43. Kf2 Be7 44. Ke2 Ke6 
45. Nf4+ Kf7 46. gxh5 gxh5 47. Nxh5 Bxb4 48. Ng3 Bd6 49. Nf5 Be5 50. Kd3 Kg6 
51. f4 Bxf4 52. Nxd4 Kh5 53. Nxb5 Kxh4 54. Nc3 Kg5 55. Nd5 Bd6 56. Ke3 Bc5+ 
1/2-1/2

[Event "Monday 16 April Rapid Engine Tour 12+1 Rounds 9 Starts 1600ST"]
[Site "Infinity Chess"]
[Date "2018.4.16"]
[Round "2"]
[White "Mr Aj"]
[Black "MarioDeMonti"]
[Result "1/2-1/2"]
[ECO "A06"]
[WhiteElo "2471"]
[BlackElo "2477"]
[WhiteEngine "Houdini 6_CTG"]
[BlackEngine "stockfish_x64_bmi2_2018_02_18_CTG"]
[EventType "Swiss"]
[WhiteTeam ""]
[BlackTeam ""]
[PlyCount "183"]
[TimeControl "720+1"]

1. Nf3 d5 2. d4 Nf6 3. c4 c6 4. e3 e6 5. Nc3 Nbd7 6. h3 a6 7. a4 Bb4 8. Bd3 O-O 
9. O-O b6 10. cxd5 exd5 11. Qc2 Bb7 12. Ne5 a5 13. e4 Bxc3 14. bxc3 dxe4 
15. Bc4 c5 16. Rd1 Qe7 17. Nxd7 Nxd7 18. Qb3 Rfc8 19. d5 Ba6 20. Bxa6 Rxa6 
21. Rb1 Raa8 22. Bf4 f5 23. Qb5 h6 24. c4 Ra7 25. Rb2 Rf8 26. Bc7 Qf6 27. d6 Kh7 
28. Rdb1 Qe6 29. Qc6 Ra6 30. Rb5 Rc8 31. Re1 Re8 32. Rbb1 Ra7 33. f3 e3 
34. Rxb6 f4 35. Rbb1 Kg6 36. Kh2 Kh7 37. Red1 Raa8 38. Kh1 Ra7 39. Qd5 Qf6 
40. Qd3+ Kg8 41. Rb5 Qe6 42. Kg1 Raa8 43. Rc1 Ra6 44. Re1 Raa8 45. Rf1 Qf7 
46. Rc1 Ra6 47. Re1 Ra7 48. Rd1 Qe6 49. Kh2 Ra6 50. Qc2 Rea8 51. Kh1 Kh8 
52. Kg1 R6a7 53. Rbb1 Rf8 54. Qd3 Re8 55. Qd5 Qg6 56. Kh1 Raa8 57. Qb7 Qf5 
58. Qb5 Qe6 59. Qc6 Ra7 60. Rd5 Qf7 61. Qb5 Rc8 62. Kh2 Raa8 63. Re1 Re8 
64. Qc6 Kh7 65. Kh1 Rec8 66. Rxc5 Nxc5 67. Qxc5 Rxc7 68. dxc7 Rc8 69. Qxa5 Qxc7 
70. Qf5+ g6 71. Qf6 Qxc4 72. Rb1 Qc7 73. a5 Re8 74. Kh2 e2 75. Re1 Re7 
76. a6 Qa7 77. Qf8 Qe3 78. Qf6 g5 79. Qb2 Qf2 80. Qb1+ Kg7 81. a7 Qxa7 
82. Qb2+ Kg6 83. Rxe2 Rxe2 84. Qxe2 Qf7 85. Qe1 Kg7 86. h4 gxh4 87. Qxh4 Qf5 
88. Qg4+ Kf6 89. Qxf5+ Kxf5 90. Kg1 h5 91. Kf2 h4 92. Ke1 1/2-1/2

[Event "Monday 16 April Rapid Engine Tour 12+1 Rounds 9 Starts 1600ST"]
[Site "Infinity Chess"]
[Date "2018.4.16"]
[Round "2"]
[White "Katzenmaier"]
[Black "SkyPilot"]
[Result "1/2-1/2"]
[ECO "A22"]
[WhiteElo "2492"]
[BlackElo "2499"]
[WhiteEngine "Raubfisch X36b"]
[BlackEngine "stockfish_x64_bmi2_2018_04_07_CTG"]
[EventType "Swiss"]
[WhiteTeam ""]
[BlackTeam ""]
[PlyCount "93"]
[TimeControl "720+1"]

1. c4 e5 2. Nc3 Nf6 3. Nf3 Nc6 4. e4 Bb4 5. d3 d6 6. a3 Bc5 7. b4 Bb6 8. Be3 O-O 
9. Be2 Ng4 10. Bxb6 axb6 11. O-O f5 12. exf5 Bxf5 13. h3 Nf6 14. d4 e4 
15. Nh2 d5 16. Ng4 dxc4 17. d5 Bxg4 18. dxc6 Bxe2 19. Qxe2 Qd3 20. cxb7 Qxe2 
21. Nxe2 Rab8 22. Rfc1 b5 23. a4 bxa4 24. Rxc4 Rxb7 25. Rxa4 e3 26. fxe3 Nd5 
27. Re4 h6 28. Kh2 c6 29. Kg3 Rfb8 30. Ra3 Rxb4 31. Rxb4 Rxb4 32. Kf3 Kf7 
33. e4 Nf6 34. Ra7+ Kf8 35. Nf4 Rxe4 36. Ng6+ Kg8 37. Ne7+ Kh7 38. Nf5 Re5 
39. Nxg7 Kg6 40. g4 Nd5 41. Nf5 h5 42. Rg7+ Kf6 43. Rh7 hxg4+ 44. hxg4 Rxf5+ 
45. gxf5 Kxf5 46. Rh1 Ke5 47. Ra1 1/2-1/2